 Dungeon Sprint DCSS version 0.31-a0-819-gf6de2f5ab6 (webtiles) character file.

Game seed: 18112554892177120492

58 sircluck the Ruffian (level 3, 0/60 HPs)
             Began as a Troll Berserker on Sept 23, 2023.
             Was a Follower of Trog.
             Slain by an orange demon (8 damage)
             ... in the Dungeon (Sprint VII: "The Pits").
             The game lasted 00:00:10 (27 turns).

sircluck the Ruffian (Troll Berserker)                Turns: 27, Time: 00:00:11

Health: 0/60       AC:  4    Str: 27    XL:     3   Next: 75%
Magic:  2/2        EV: 10    Int:  3    God:    Trog [*.....]
Gold:   0          SH:  0    Dex:  9    Spells: 2/2 levels left

rFire   . .          .
                       - Unarmed
rCold   . . .        (no shield)
rNeg    . . .        a - +0 animal skin
rPois   .            (helmet restricted)
rElec   .            (no cloak)
rCorr   .            (gloves unavailable)
SInv    .            (boots unavailable)
Will    .....        (no amulet) Stlth
                     (no ring)
HPRegen 1.10/turn    (no ring)
MPRegen 0.08/turn

%: no teleportation
@: berserking (expiring), weakened, very quick
A: large, unfitting armour, claws 3, regeneration 1, shaggy fur 1, tough skin 1
a: Renounce Religion, Berserk


You were in the Dungeon.
You worshipped Trog.
Trog was aware of your devotion.
You visited 1 branch

Inventory:

Armour
 a - a +0 animal skin (worn)
Scrolls
 g - a scroll of blinking
Potions
 b - a potion of curing
 c - a potion of heal wounds
 d - a potion of haste
 e - 2 potions of magic
 f - a potion of berserk rage


   Skills:
 + Level 4.3 Fighting
 + Level 4.2 Dodging
 + Level 5.1 Unarmed Combat


You had 2 spell levels left.
You didn't know any spells.
Your spell library was empty.

Dungeon Overview and Level Annotations

Branches:
Dungeon (1/1)

Altars:


Innate Abilities, Weirdness & Mutations

You are too large for most types of armour.
You have claws for hands.
Your natural rate of healing is unusually fast.
You are covered in fur. (AC +1)
You have tough skin. (AC +1)


Message History

The scorpion is moderately wounded.
The scorpion stings you but does no damage.
The orange demon stings you from afar!
You scratch the scorpion.
The scorpion is severely wounded.
The scorpion stings you.
You claw the scorpion!
You kill the scorpion!
Trog accepts your kill. The orange demon stings you from afar.
Your Fighting skill gained 2 levels and is now at level 4!
Your Dodging skill gained 2 levels and is now at level 4!
Your Unarmed Combat skill gained 2 levels and is now at level 5!
You have reached level 2!
You have reached level 3!
Your experience leads to an increase in your attributes!
Increase (S)trength, (I)ntelligence, or (D)exterity?
You feel stronger. x3
Unknown command.
Unknown command.
Unknown command.
You see here a scorpion corpse.
You barely miss the orange demon. The orange demon stings you!
* * * LOW HITPOINT WARNING * * *
The orange demon hits you.
* * * LOW HITPOINT WARNING * * *
You feel your attacks grow feeble.
You claw the orange demon!
The orange demon is moderately wounded.
The orange demon barely misses you. The orange demon hits you.
* * * LOW HITPOINT WARNING * * *
You barely miss the orange demon.
The orange demon is moderately wounded.
You scratch the orange demon but do no damage.
The orange demon is moderately wounded.
The orange demon closely misses you. x2
You mangle the orange demon!!
The orange demon is severely wounded.
The orange demon stings you!
You die...

##########++######
#................#
#......#..#......#
#................+
+................+
#......#..#......#
#......@4........#
####'#####''######
#.......##''#
#.......##.4..
#.......##....#
#...<...##...##
#.......##..##
#.......##..#
#.......#


You could see an orange demon.

Vanquished Creatures
  A scorpion (D)
1 creature vanquished.

Notes
Turn   | Place    | Note
-------+----------+-------------------------------------------
     0 | D        | sircluck the Troll Berserker began the quest for the Orb.
     0 | D        | Reached XP level 1. HP: 22/22 MP: 0/0
    11 | D        | Noticed a scorpion
    11 | D        | Noticed an orange demon
    21 | D        | Killed a scorpion
    22 | D        | Reached skill level 5 in Unarmed Combat
    22 | D        | Reached XP level 2. HP: 19/33 MP: 1/1
    22 | D        | Reached XP level 3. HP: 23/40 MP: 2/2
    27 | D        | Slain by an orange demon

Illustrated notes

Levels and vault maps discovered:
D:        pitsprint [storerooms_1, entrance_room_1, metal_vault_6, armoury_1,
          mini_pit_1, grid_room_1, main_hall_1, silver_pit, the_coven_3,
          the_vestibule_1, steel_vault_4, golden_pit, hallway_of_sentries,
          crystal_vault_2, iron_vault_1, final_vault]

Skill      XL: |  1 |
---------------+----+-----
Fighting       | 4 |  4.3
Dodging        | 4 |  4.2
Unarmed Combat | 5 |  5.1

Action                     || total
---------------------------++-------
  Melee: Unarmed           ||    10
 Invoke: Berserk           ||     1
 Armour: Animal skin       ||     9
  Dodge: Dodged            ||     3

Table legend: (Time is in decaauts)
 A = Elapsed time spent in this place.
 B = Non-inter-level travel time spent in this place.
 C = Inter-level travel time spent in this place.
 D = Time resting spent in this place.
 E = Time spent auto-exploring this place.
 F = Levels seen in this place.
 G = Mean time per level.
                   A        B        C        D        E       F      G
               +--------+--------+--------+--------+--------+-----+--------+
         Total |     23 |     23 |      0 |      0 |     11 |   1 |   23.0 |
       Dungeon |     23 |     23 |      0 |      0 |     11 |   1 |   23.0 |
               +--------+--------+--------+--------+--------+-----+--------+

Top non-repeatable levels by time:
       D: 23 daAuts
